 Dungeon Crawl Stone Soup version 0.28.0-53-g5a82cb258f (webtiles) character file.

Game seed: 16974204902286342078

331 pkoi the Insei (level 6, -1/50 HPs)
             Began as a Demigod Gladiator on May 24, 2022.
             Slain by an orc warrior
             ... wielding a +0 scimitar
              (17 damage)
             ... on level 3 of the Dungeon.
             The game lasted 00:04:43 (4570 turns).

pkoi the Insei (Demigod Gladiator)                  Turns: 4570, Time: 00:04:44

Health: -1/50      AC:  7    Str: 12 (15) XL:     6   Next: 5%
Magic:  10/10      EV: 13    Int: 16 (18) God:
Gold:   160        SH:  0    Dex: 23 (24) Spells: 4/7 levels left

rFire   . . .      SeeInvis .   p - +1 dagger (venom)
rCold   + . .      Faith    .   (no shield)
rNeg    . . .      Spirit   .   a - +0 leather armour
rPois   .          Reflect  .   b - +0 helmet
rElec   .          Harm     .   (no cloak)
rCorr   .          Rampage  .   f - +2 pair of gloves {Dex+3}
Will    .....                   (no boots)
Stlth   ++........              (no amulet)
HPRegen 0.16/turn               o - +6 ring of dexterity
MPRegen 0.12/turn               t - ring of protection from cold

@: no status effects
A: high MP 1, forlorn, divine attributes
a: no special abilities


You were on level 3 of the Dungeon.
You visited 1 branch of the dungeon, and saw 4 of its levels.

You collected 160 gold pieces.

Inventory:

Hand Weapons
 d - a +0 dagger
 j - a +0 short sword
 k - a +0 trident
 l - a +0 mace
 n - a +0 whip of freezing
 p - a +1 dagger of venom (weapon)
Missiles
 c - 3 throwing nets (quivered)
Armour
 a - a +0 leather armour (worn)
 b - a +0 helmet (worn)
 f - a +2 pair of gloves of dexterity (worn)
Jewellery
 i - a ring of see invisible
 o - a +6 ring of dexterity (left hand)
 t - a ring of protection from cold (right hand)
Scrolls
 e - a scroll of fog
Potions
 g - a potion of ambrosia


   Skills:
 + Level 2.8 Fighting
 - Level 1.7 Throwing
 - Level 2.6 Dodging
 + Level 2.1 Stealth
 * Level 5.0 Unarmed Combat
 + Level 1.1 Spellcasting
 + Level 1.3 Summonings


You had 4 spell levels left.
You knew the following spells:

 Your Spells              Type           Power      Damage    Failure   Level
a - Call Canine Familiar  Summ           5%         N/A       45%         3

Your spell library contained the following spells:

 Spells                   Type           Power      Damage    Failure   Level
 Portal Projectile        Hex/Tloc       0%         N/A       65%         3
 Leda's Liquefaction      Hex/Erth       0%         N/A       96%         4
 Alistair's Intoxication  Tmut/Pois      0%         N/A       100%        5
 Borgnjor's Vile Clutch   Necr/Erth      0%         N/A       100%        5
 Eringya's Noxious Bog    Tmut/Pois      0%         N/A       100%        6


Dungeon Overview and Level Annotations

Branches:
Dungeon (4/15)
 Temple: D:4-7


Innate Abilities, Weirdness & Mutations

You have an increased reservoir of magic. (+10% MP)
You shall have no god before yourself.
Your divine heritage dramatically boosts your attributes as you level up.


Message History

You start waiting.
You feel less invigorated.
You feel less confused.
You start to feel less resistant.
Your resistance to elements expires.
Things that are here:
a +0 robe; a +0 whip; a gnoll skeleton You drop a potion of degeneration.
Okay, then.
Unknown command.
Unknown command.
You feel a little less clever now.
The orc warrior hits you with a +0 scimitar!
* * * LOW HITPOINT WARNING * * *
The orc priest shouts!
You hit the orc warrior but do no damage.
The orc warrior is poisoned.
The orc warrior hits you but does no damage.
The orc shouts!
You hit the orc warrior.
The orc warrior is lightly wounded.
The orc warrior hits you with a +0 scimitar.
* * * LOW HITPOINT WARNING * * *
You closely miss the orc warrior.
The orc warrior is lightly wounded.
The orc warrior closely misses you.
Unknown command.
The orc priest miscasts a cantrip.
There is a stone staircase leading up here.
The orc warrior hits you with a +0 scimitar!
* * * LOW HITPOINT WARNING * * *
The orc priest calls upon Beogh to heal the orc warrior.
The orc warrior is healed somewhat.
You climb upwards.
There is a stone staircase leading down here.
Unknown command.
The orc warrior hits you with a +0 scimitar!
* * * LOW HITPOINT WARNING * * *
The orc warrior hits you with a +0 scimitar!
You die...

#......# ####......#
###.........#######
..................######
##.###......#####......########
##.# ###.#### ######........#
...# #.# ##>.# #######.## ####
#.# #.o.# #.# # #.# #@.## ##.# #
#.# #..# #..# # #.# #..# #.## #
#.# #..# #####.##### # #.#
#####..# #.........# # #.#
#.....## #.........#
####.###.##..# #.........#
#####.##.#...##.## ##.........#
#..........####.######..........#


You could see an orc warrior (poisoned).

Vanquished Creatures
  A scorpion (D:4)
  3 hounds (D:4)
  A gnoll shaman (D:4)
  4 gnolls
  5 adders
  A worm (D:2)
  A dart slug (D:1)
  4 orcs
  3 bats
  6 endoplasms
  3 giant cockroaches
  A goblin (D:3)
  6 hobgoblins
  6 kobolds
  6 quokkas
  8 ball pythons
  2 frilled lizards
  8 rats
69 creatures vanquished.

Notes
Turn   | Place    | Note
-------+----------+-------------------------------------------
     0 | D:1      | pkoi the Demigod Gladiator began the quest for the Orb.
     0 | D:1      | Reached XP level 1. HP: 17/17 MP: 3/3
   218 | D:1      | Reached skill level 3 in Unarmed Combat
   488 | D:1      | Reached XP level 2. HP: 23/24 MP: 4/4
  1474 | D:2      | Reached XP level 3. HP: 17/29 MP: 5/5
  1605 | D:2      | Reached skill level 4 in Unarmed Combat
  2296 | D:2      | Reached skill level 1 in Stealth
  2610 | D:3      | Reached XP level 4. HP: 31/36 MP: 6/6
  2903 | D:3      | Learned a level 3 spell: Call Canine Familiar
  3264 | D:4      | Reached XP level 5. HP: 35/42 MP: 6/8
  3941 | D:4      | Noticed an orc warrior
  3999 | D:4      | Reached skill level 1 in Spellcasting
  3999 | D:4      | Reached skill level 1 in Summonings
  4062 | D:4      | Reached skill level 5 in Unarmed Combat
  4475 | D:4      | Reached XP level 6. HP: 47/50 MP: 10/10
  4570 | D:3      | Slain by an orc warrior

Illustrated notes

Levels and vault maps discovered:
D:1:      grunt_arrival_crossed_arrows, layout_basic, serial_glass,
          glass_columns_c, glass_columns_c, minmay_misc_feat_rows,
          minmay_tetromino_l4
D:2:      layout_basic, serial_curves, eino_curves_03, eino_curves_04,
          hellmonk_ecumenical_altar_inner_sanctum
D:3:      layout_rooms, grunt_ministairs_9
D:4:      layout_rooms, minmay_misc_feat_secret_circle, minmay_misc_feat_room

Skill      XL: |  1  2  3  4  5 |
---------------+----------------+-----
Unarmed Combat | 3 4 5 |  5.0
Fighting       | 2 |  2.8
Stealth        | 1 2 |  2.1
Spellcasting   | 1 |  1.1
Summonings     | 1 |  1.3
Throwing       | |  1.7
Dodging        | |  2.6

Action                   |  1- 3 |  4- 6 || total
-------------------------+-------+-------++-------
Melee: Unarmed           |   149 |    21 ||   170
       Punch             |     5 |     8 ||    13
       Dagger            |       |    67 ||    67
  Use: Scroll            |     3 |     4 ||     7
       Potion            |     2 |     4 ||     6
 Stab: Sleeping          |     3 |       ||     3
Armor: Leather armour    |    54 |    24 ||    78
Dodge: Dodged            |   100 |    54 ||   154
